 Dungeon Crawl Stone Soup version 0.31-a0-177-g4aa6249778 (webtiles) character file.

Game seed: 17000192076734538388

427 qw the Shooter (level 6, -3/58 HPs)
             Began as a Naga Hunter on June 18, 2023.
             Slain by Menkaure (17 damage)
             ... on level 4 of the Dungeon.
             The game lasted 00:01:26 (2870 turns).

qw the Shooter (Naga Hunter)                        Turns: 2870, Time: 00:01:27

Health: -3/58      AC:  3    Str: 14    XL:     6   Next: 97%
Magic:  6/6        EV:  9    Int:  9    God:
Gold:   204        SH:  0    Dex: 16    Spells: 5/5 levels left

rFire   . . .        Y - +2 shortbow (drain)
rCold   . . .        (shield currently unavailable)
rNeg    . . .        c - +0 leather armour
rPois   +            (no helmet)
rElec   .            (no cloak)
rCorr   .            (no gloves)
SInv    +            (no barding)
Will    +....        (no amulet)
Stlth   ++           d - ring "Zelouxt" {rPois Will+}
HPRegen 0.29/turn    (no ring)
MPRegen 0.10/turn

%: no passive effects
@: about to teleport, very slow
A: AC +2, large, see invisible, deformed body, poison resistance, slowness 2,
spit poison 1, naga tail 1
a: Spit Poison


You were on level 4 of the Dungeon.
You visited 2 branches of the dungeon, and saw 5 of its levels.

You collected 204 gold pieces.


Innate Abilities, Weirdness & Mutations

Your serpentine skin is tough. (AC +2)
You have supernaturally acute eyesight. (SInv)
Armour fits poorly on your strangely shaped body.
Your system is resistant to poisons. (rPois)
You cover ground very slowly.
You can spit poison.
You have a snake-like lower body.


   Skills:
 - Level 4.4 Fighting
 + Level 6.3 Ranged Weapons
 - Level 1.5 Dodging
 - Level 1.5 Stealth


You had 5 spell levels left.
You didn't know any spells.
Your spell library was empty.

Inventory:

Hand Weapons
 Y - a +2 shortbow of draining (weapon)
Armour
 c - a +0 leather armour (worn)
Jewellery
 d - the ring "Zelouxt" (left hand) {rPois Will+}
   (You found it on level 2 of the Dungeon)

   [ring of willpower]

   rPois:     It protects you from poison.
   Will:      It increases your willpower.
Scrolls
 b - a scroll of identify
Potions
 f - a potion of enlightenment {unknown}
 g - a potion of resistance {unknown}
 h - a potion of might

Dungeon Overview and Level Annotations

Branches:
Dungeon (4/15)             Temple (1/1) D:4

Altars:
Ashenzari
Cheibriados
Dithmenos
Elyvilon
Fedhas
Gozag
Kikubaaqudgha
Makhleb
Nemelex Xobeh
Qazlal
Ru
Sif Muna
Trog
Uskayaw
Vehumet
Wu Jian
Xom
Yredelemnul
Zin
The Shining One

Annotations:
D:4 Menkaure


Message History

You shoot an arrow. The arrow hits the gnoll.
You kill the gnoll!
Your attacks no longer feel as feeble.
The gnoll bouda barely misses you.
You shoot an arrow.
The arrow hits the gnoll bouda but does no damage.
The gnoll bouda is moderately wounded.
The gnoll bouda hits you with a +0 club.
The gnoll closely misses you.
You shoot an arrow.
The arrow closely misses the gnoll bouda.
The gnoll bouda hits you with a +0 club!
The gnoll hits you with a +0 flail.
You shoot an arrow.
The arrow hits the gnoll bouda but does no damage.
You drain the gnoll bouda.
The gnoll bouda is heavily wounded.
You have got your breath back.
The gnoll bouda hits you with a +0 club.
The gnoll closely misses you.
The gnoll bouda hits you with a +0 club.
2867 ||| INVOKING Spit Poison.
Aiming: Spit Poison (1% risk of failure)
Press: ? - help, Shift-Dir - straight line, f/p - gnoll bouda The splash of poison hits the gnoll bouda!
The gnoll bouda is poisoned.
The gnoll bouda is almost dead.
You kill the gnoll bouda!
The gnoll hits you with a +0 flail.
You shoot an arrow. The arrow barely misses the gnoll.
The gnoll hits you with a +0 flail.
You shoot an arrow. The arrow hits Menkaure!
Menkaure is heavily damaged.
The gnoll hits you with a +0 flail! Menkaure barely misses you.
2870 ||| READING scroll of teleportation.
As you read the scroll of teleportation, it crumbles to dust.
You feel strangely unstable.
You have got your breath back.
The gnoll closely misses you. Menkaure hits you!
You die...

#.. ....
#.#.#....
#.#.#... .#
#.#.#.. ...
#.#.#%#### . #..
#........ ..#.#
.#####.Mg.#####
##....
.......@........
..##.
..##.##.#......
...#.... #.#
.#.##. #.#.##.
#.# ..
#..#...... #.#
#.##....##.>.
#.#
.....##......
#.#
#.##....#.##.
#.#
#.##.##.#....
#.#
#.##.......#.


You could see Menkaure and a gnoll (swift).

Vanquished Creatures
  A scorpion (D:4)
  2 hounds (D:4)
  A jelly (D:4)
  A gnoll bouda (D:4)
  Terence (D:3)
  Natasha (thrice) (D:3)
  2 gnolls (D:4)
  4 adders
  2 worms (D:2)
  3 dart slugs
  2 orcs (D:3)
  6 bats
  4 endoplasms
  4 giant cockroaches
  6 goblins
  6 hobgoblins
  5 jackals
  5 quokkas
  6 ball pythons
  4 frilled lizards
  11 kobolds
  11 rats
90 creatures vanquished.

Notes
Turn   | Place    | Note
-------+----------+-------------------------------------------
     0 | D:1      | qw the Naga Hunter began the quest for the Orb.
     0 | D:1      | Reached XP level 1. HP: 19/19 MP: 1/1
     0 | D:1      | 0 ||| qw: Version: 0.3-a-7-ge0c9b40
     0 | D:1      | 0 ||| qw: Game counter: 782
     0 | D:1      | 0 ||| qw: Always use a shield: true
     0 | D:1      | 0 ||| qw: God list: Okawaru
     0 | D:1      | 0 ||| qw: Allow faded altars: false
     0 | D:1      | 0 ||| qw: Do Orc after D:15 true
     0 | D:1      | 0 ||| qw: Do second Lair branch before Depths: true
     0 | D:1      | 0 ||| qw: Lair rune preference: random
     0 | D:1      | 0 ||| qw: Plans: Normal
     0 | D:1      | 0 ||| PLANNING D:1-11
     8 | D:1      | 8 ||| INVOKING Spit Poison.
    36 | D:1      | 36 ||| INVOKING Spit Poison.
    75 | D:1      | 75 ||| INVOKING Spit Poison.
    96 | D:1      | 96 ||| INVOKING Spit Poison.
   112 | D:1      | 112 ||| INVOKING Spit Poison.
   113 | D:1      | Reached skill level 4 in Ranged Weapons
   113 | D:1      | Reached XP level 2. HP: 26/26 MP: 2/2
   118 | D:1      | 118 ||| INVOKING Spit Poison.
   121 | D:1      | 121 ||| INVOKING Spit Poison.
   126 | D:1      | 126 ||| INVOKING Spit Poison.
   174 | D:1      | 174 ||| INVOKING Spit Poison.
   178 | D:1      | 178 ||| INVOKING Spit Poison.
   217 | D:1      | 217 ||| INVOKING Spit Poison.
   221 | D:1      | 221 ||| INVOKING Spit Poison.
   238 | D:1      | 238 ||| INVOKING Spit Poison.
   276 | D:1      | 276 ||| INVOKING Spit Poison.
   317 | D:1      | 317 ||| INVOKING Spit Poison.
   331 | D:1      | 331 ||| INVOKING Spit Poison.
   369 | D:1      | 369 ||| INVOKING Spit Poison.
   379 | D:1      | 379 ||| INVOKING Spit Poison.
   380 | D:1      | Reached XP level 3. HP: 32/32 MP: 3/3
   403 | D:1      | 403 ||| INVOKING Spit Poison.
   406 | D:1      | 406 ||| INVOKING Spit Poison.
   467 | D:1      | 467 ||| INVOKING Spit Poison.
   624 | D:1      | 624 ||| INVOKING Spit Poison.
   633 | D:1      | 633 ||| INVOKING Spit Poison.
   640 | D:1      | 640 ||| INVOKING Spit Poison.
   657 | D:1      | 657 ||| READING scroll labelled ITROKAEHOSA.
   658 | D:1      | 658 ||| READING scroll labelled VORESUAWOKK.
   659 | D:1      | 659 ||| READING scroll labelled YMUIQU ASMUTER.
   660 | D:1      | 660 ||| READING scroll labelled RORATOSYFACK.
   661 | D:1      | 661 ||| READING scroll labelled HYIX ZUTTOTIYM.
   662 | D:1      | 662 ||| DROPPING scroll of butterflies.
   723 | D:2      | 723 ||| READING scroll labelled EHUSI KAOQAP.
   733 | D:2      | 733 ||| INVOKING Spit Poison.
   739 | D:2      | 739 ||| INVOKING Spit Poison.
   761 | D:2      | 761 ||| INVOKING Spit Poison.
   764 | D:2      | 764 ||| INVOKING Spit Poison.
   770 | D:2      | 770 ||| INVOKING Spit Poison.
   797 | D:2      | 797 ||| INVOKING Spit Poison.
   811 | D:2      | 811 ||| INVOKING Spit Poison.
   814 | D:2      | Reached skill level 5 in Ranged Weapons
   814 | D:2      | Reached XP level 4. HP: 39/39 MP: 4/4
   815 | D:2      | 815 ||| INVOKING Spit Poison.
  1017 | D:2      | 1017 ||| INVOKING Spit Poison.
  1246 | D:2      | 1246 ||| INVOKING Spit Poison.
  1377 | D:2      | 1377 ||| INVOKING Spit Poison.
  1431 | D:2      | 1431 ||| INVOKING Spit Poison.
  1434 | D:2      | Identified the ring "Zelouxt" {rPois Will+}
  1454 | D:2      | 1454 ||| INVOKING Spit Poison.
  1457 | D:2      | 1457 ||| INVOKING Spit Poison.
  1529 | D:2      | 1529 ||| INVOKING Spit Poison.
  1532 | D:2      | 1532 ||| INVOKING Spit Poison.
  1538 | D:2      | 1538 ||| INVOKING Spit Poison.
  1690 | D:2      | 1690 ||| UPGRADING to ring "Zelouxt" {rPois Will+}.
  1691 | D:2      | 1691 ||| READING 2 scrolls of identify.
  1691 | D:2      | 1691 ||| IDENTIFYING smoky green potion
  1692 | D:2      | 1692 ||| DROPPING potion of degeneration.
  1725 | D:3      | Noticed Terence
  1726 | D:3      | 1726 ||| INVOKING Spit Poison.
  1730 | D:3      | 1730 ||| INVOKING Spit Poison.
  1732 | D:3      | Killed Terence
  1733 | D:3      | Reached skill level 3 in Fighting
  1745 | D:3      | 1745 ||| INVOKING Spit Poison.
  1746 | D:3      | 1746 ||| FLEEEEING.
  1747 | D:3      | 1747 ||| FLEEEEING.
  1754 | D:3      | 1754 ||| STAIRDANCE
  1796 | D:3      | 1796 ||| INVOKING Spit Poison.
  1801 | D:3      | Noticed Natasha
  1805 | D:3      | 1805 ||| INVOKING Spit Poison.
  1806 | D:3      | Killed Natasha
  1807 | D:3      | Reached XP level 5. HP: 45/49 MP: 5/5
  1809 | D:3      | 1809 ||| INVOKING Spit Poison.
  1827 | D:3      | 1827 ||| INVOKING Spit Poison.
  1840 | D:3      | 1840 ||| INVOKING Spit Poison.
  1864 | D:3      | 1864 ||| INVOKING Spit Poison.
  1871 | D:3      | 1871 ||| INVOKING Spit Poison.
  1874 | D:3      | 1874 ||| INVOKING Spit Poison.
  1929 | D:3      | Noticed Natasha
  1930 | D:3      | 1930 ||| INVOKING Spit Poison.
  1936 | D:3      | 1936 ||| INVOKING Spit Poison.
  1939 | D:3      | 1939 ||| INVOKING Spit Poison.
  1939 | D:3      | Killed Natasha
  1991 | D:3      | 1991 ||| READING scroll of enchant weapon.
  1991 | D:3      | 1991 ||| ENCHANTING +1 shortbow of draining.
  1996 | D:3      | 1996 ||| INVOKING Spit Poison.
  2002 | D:3      | 2002 ||| INVOKING Spit Poison.
  2005 | D:3      | 2005 ||| INVOKING Spit Poison.
  2053 | D:3      | 2053 ||| INVOKING Spit Poison.
  2077 | D:3      | 2077 ||| INVOKING Spit Poison.
  2086 | D:3      | 2086 ||| INVOKING Spit Poison.
  2243 | D:3      | Noticed Natasha
  2245 | D:3      | 2245 ||| INVOKING Spit Poison.
  2251 | D:3      | 2251 ||| INVOKING Spit Poison.
  2251 | D:3      | Killed Natasha
  2252 | D:3      | Reached skill level 6 in Ranged Weapons
  2343 | D:3      | 2343 ||| INVOKING Spit Poison.
  2366 | D:3      | Reached XP level 6. HP: 56/56 MP: 6/6
  2454 | D:3      | 2454 ||| READING scroll labelled BULAYT EDOE.
  2455 | D:3      | 2455 ||| READING 2 scrolls labelled REZUNE POTHREX.
  2460 | D:3      | 2460 ||| READING scroll labelled WECECW VINT.
  2461 | D:3      | 2461 ||| READING scroll labelled RUEPSICZU.
  2462 | D:3      | 2462 ||| DRINKING 3 murky orange potions.
  2463 | D:3      | 2463 ||| DROPPING 2 potions of brilliance.
  2474 | D:4      | 2474 ||| INVOKING Spit Poison.
  2477 | D:4      | 2477 ||| INVOKING Spit Poison.
  2581 | D:4      | Found a staircase to the Ecumenical Temple.
  2582 | D:4      | 2582 ||| PLANNING TEMPLE
  2582 | D:4      | 2582 ||| INVOKING Spit Poison.
  2589 | D:4      | 2589 ||| INVOKING Spit Poison.
  2617 | Temple   | Entered the Ecumenical Temple
  2792 | Temple   | 2792 ||| PLANNING D:1-11
  2830 | D:4      | 2830 ||| INVOKING Spit Poison.
  2854 | D:4      | 2854 ||| INVOKING Spit Poison.
  2859 | D:4      | Noticed Menkaure
  2860 | D:4      | 2860 ||| INVOKING Spit Poison.
  2867 | D:4      | 2867 ||| INVOKING Spit Poison.
  2869 | D:4      | HP: 14/58 [gnoll/+0 flail[a gnoll bouda] (12)]
  2870 | D:4      | 2870 ||| READING scroll of teleportation.
  2870 | D:4      | Slain by Menkaure

Levels and vault maps discovered:
D:1:      dpeg_arrival_fog, layout_loops_ring
D:2:      minmay_skewed_foursquare, layout_loops_corners,
          grunt_decor_resistance, grunt_decor_cap,
          minmay_randomly_rotated_circles
D:3:      layout_basic, uniq_natasha, uniq_terence
D:4:      layout_basic, minmay_temple_entry_ruins, serial_shops,
          nicolae_shop_bloodbath_and_beyond, uniq_menkaure,
          uniq_crazy_yiuf_cottage, uniq_blork_the_orc
Temple:   nicolae_temple_bog_church

Skill      XL: |  1  2  3  4  5  6 |
---------------+-------------------+-----
Ranged Weapons | 4 5 6 |  6.3
Fighting       | 3 4 |  4.4
Dodging        | |  1.5
Stealth        | |  1.5

Action                     |  1- 3 |  4- 6 || total
---------------------------+-------+-------++-------
   Fire: Shortbow          |    50 |    99 ||   149
Ability: Spit Poison       |    31 |    41 ||    72
    Use: Scroll            |     6 |     7 ||    13
         Potion            |       |     1 ||     1
 Armour: Leather armour    |     4 |     7 ||    11
  Dodge: Dodged            |     9 |    30 ||    39

Table legend:
 A = Non-vault XP
 B = Vault XP
 C = Vault XP percentage of total XP
 D = Non-vault monster count
 E = Vault monster count
 F = Vault count percentage of total count
                 A         B        C        D         E       F
            +---------+---------+-------+---------+---------+-------
      Total |     508 |     103 |  16.9 |      75 |      15 |  16.7
            +---------+---------+-------+---------+---------+-------
        D:1 |      46 |       0 |   0.0 |      28 |       0 |   0.0
        D:2 |      36 |      32 |  47.1 |      11 |      13 |  54.2
        D:3 |     135 |      71 |  34.5 |      25 |       2 |   7.4
        D:4 |     291 |       0 |   0.0 |      11 |       0 |   0.0
            +---------+---------+-------+---------+---------+-------
